 Dungeon Crawl Stone Soup version 0.24-a0-170-gd8427f5 (console) character file.

Game seed: 3754687440105291262

11 Duffy the Sneak (level 2, -3/22 HPs)
             Began as a Naga Wizard on Mar 10, 2019.
             Slain by a quokka (4 damage)
             ... on level 1 of the Dungeon.
             The game lasted 00:00:29 (296 turns).

Duffy the Sneak (Naga Wizard)                        Turns: 296, Time: 00:00:30

Health: -3/22      AC:  1    Str:  9    XL:     2   Next: 29%
Magic:  2/6        EV: 10    Int: 18    God:
Gold:   13         SH:  0    Dex:  9    Spells: 6/7 levels left

rFire    . . .     SeeInvis +   g - +0 dagger
rCold    . . .     Gourm    .   (no shield)
rNeg     . . .     Faith    .   a - +0 robe
rPois    +         Spirit   .   b - +0 hat
rElec    .         Reflect  .   e - scarf {cloud immunity}
rCorr    .         Harm     .   (no gloves)
MR       .....                  (no barding)
Stlth    ++........             (no amulet)
HPRegen  0.07/turn              (no ring)
MPRegen  0.10/turn              (no ring)

@: short of breath, very slightly contaminated, very slow
A: large, see invisible, deformed body, poison resistance, slowness 2, slow
metabolism 1, spit poison 1, AC +0
a: Spit Poison


You were on level 1 of the Dungeon.
You were not hungry.

You visited 1 branch of the dungeon, and saw 2 of its levels.

You collected 13 gold pieces.

Inventory:

Hand Weapons
 g - a +0 dagger (weapon)
Armour
 a - a +0 robe (worn)
 b - a +0 hat (worn)
 e - a scarf of cloud immunity (worn)
Scrolls
 c - a scroll of remove curse {unknown}
Comestibles
 d - 4 rations
 f - a chunk of flesh


   Skills:
 - Level 1.5 Dodging
 - Level 3.0 Stealth
 - Level 3.0 Spellcasting
 + Level 2.2 Conjurations
   Level 1.0 Summonings
   Level 1.0 Translocations


You had 6 spell levels left.
You knew the following spells:

 Your Spells              Type           Power        Failure   Level  Hunger
h - Magic Dart            Conj           ##..         6%          1    None

Your spell library contained the following spells:

 Spells                   Type           Power        Failure   Level  Hunger
 Blink                    Tloc           N/A          16%         2    ##.....
 Call Imp                 Summ           #.......     16%         2    ##.....
 Slow                     Hex            #.......     24%         2    ##.....
 Conjure Flame            Conj/Fire      #.......     30%         3    ###....
 Mephitic Cloud           Conj/Pois/Air  #.......     34%         3    ###....


Dungeon Overview and Level Annotations

Branches:
Dungeon (2/15)

Altars:


Innate Abilities, Weirdness & Mutations

You cannot wear boots.
Your serpentine skin is tough. (AC +0)
You have supernaturally acute eyesight. (SInv)
Armour fits poorly on your strangely shaped body.
Your system is resistant to poisons. (rPois)
You cover ground very slowly.
You have a slow metabolism.
You can spit poison.


Message History

Cast which spell? (? or * to list)
Aiming: Magic Dart (safe; 6% risk of failure)
Press: ? - help, Shift-Dir - straight line, f - quokka
Aim: a quokka The magic dart hits the quokka.
The quokka is lightly wounded.
Cast which spell? (? or * to list)
Aiming: Magic Dart (safe; 6% risk of failure)
Press: ? - help, Shift-Dir - straight line, f/p - quokka
Aim: a quokka (lightly wounded)
The magic dart hits the quokka.
The quokka is heavily wounded.
The quokka barely misses you. The quokka bites you.
You climb upwards.
The kobold barely misses you.
There is a stone staircase leading down here.
Press: ? - help, Shift-Dir - straight line, f - quokka
Aim: a quokka (heavily wounded)
The splash of poison misses the quokka.
You feel slightly more hungry. The kobold hits you. The quokka bites you.
You die...

......?..##.......#.###
.........##.......#.#
..$......##.......#.#
.........##.......#.#
......(.(g........#.#####
........#.%.............#
.......##...............#
...%...##........Kr.....#
....#####.......(@#+#####
.... #...####.#..# )..
#...# #...## ... #...#
##### #####


You could see a quokka and a kobold.

Vanquished Creatures
  A dart slug (D:1)
  A giant cockroach (D:1)
  A goblin (D:1)
  2 jackals
  2 kobolds (D:1)
  A bat (D:1)
8 creatures vanquished.

Notes
Turn   | Place    | Note
-------+----------+-------------------------------------------
     0 | D:1      | Duffy the Naga Wizard began the quest for the Orb.
     0 | D:1      | Reached XP level 1. HP: 15/15 MP: 4/4
   173 | D:1      | Reached XP level 2. HP: 20/22 MP: 1/6
   296 | D:1      | HP: 1/22 [kobold (4)]
   296 | D:1      | Slain by a quokka

Levels and vault maps discovered:
D:1:      evilmike_arrival_plus, layout_basic
D:2:      layout_rooms, lemuel_crystal_altar, first_ration

Skill      XL: |  1 |
---------------+----+-----
Conjurations   | 2 |  2.2
Dodging        | |  1.5
Stealth        | |  3.0
Spellcasting   | |  3.0
Summonings     | |  1.0
Translocations | |  1.0

Action                   || total
-------------------------++-------
 Cast: Magic Dart        ||    17
 Abil: Spit Poison       ||     4
Armor: Robe              ||     2
Dodge: Dodged            ||    13

Table legend:
 A = Non-vault XP
 B = Vault XP
 C = Vault XP percentage of total XP
 D = Non-vault monster count
 E = Vault monster count
 F = Vault count percentage of total count
                 A         B        C        D         E       F
            +---------+---------+-------+---------+---------+-------
      Total |      17 |       0 |   0.0 |       8 |       0 |   0.0
            +---------+---------+-------+---------+---------+-------
        D:1 |      15 |       0 |   0.0 |       7 |       0 |   0.0
        D:2 |       2 |       0 |   0.0 |       1 |       0 |   0.0
            +---------+---------+-------+---------+---------+-------
